 Dungeon Crawl Stone Soup version 0.30-a0-779-g7971cf19c3 (webtiles) character file.

Game seed: 9013969882175406375

422 sanka the Gusty (level 6, -3/45 HPs)
             Began as a Demigod Air Elementalist on Feb 17, 2023.
             Slain by a gnoll bouda
             ... wielding a +0 whip
              (11 damage)
             ... on level 4 of the Dungeon.
             The game lasted 00:06:06 (4005 turns).

sanka the Gusty (Demigod Air Elementalist)          Turns: 4005, Time: 00:06:07

Health: -3/45      AC:  4    Str:  9    XL:     6   Next: 35%
Magic:  1/11       EV: 12    Int: 25    God:
Gold:   151        SH:  0    Dex: 14    Spells: 3/9 levels left

rFire   . . .      SeeInvis .    x - +0 halberd
rCold   . . .      Faith    .    (shield currently unavailable)
rNeg    . . .      Spirit   .    a - +0 robe
rPois   .          Reflect  .    n - +2 hat
rElec   .          Harm     .    (no cloak)
rCorr   .          Rampage  .    (no gloves)
Will    .....                    (no boots)
Stlth   ++                       (no amulet)
HPRegen 0.27/turn                (no ring)
MPRegen 0.12/turn                z - ring of wizardry

@: no status effects
A: high MP 1, forlorn, divine attributes
a: no special abilities


You were on level 4 of the Dungeon.
You visited 1 branch of the dungeon, and saw 4 of its levels.

You collected 151 gold pieces.


Innate Abilities, Weirdness & Mutations

You have an increased reservoir of magic. (+10% MP)
You shall have no god before yourself.
Your divine heritage dramatically boosts your attributes as you level up.


   Skills:
 - Level 1.7 Dodging
 - Level 1.7 Stealth
 - Level 2.0 Spellcasting
 + Level 4.7 Conjurations
 + Level 4.8 Air Magic


You had 3 spell levels left.
You knew the following spells:

 Your Spells              Type           Power      Damage    Failure   Level
s - Swiftness             Air            26%        N/A       1%          3
z - Shock                 Conj/Air       100%       1d9       1%          1
Z - Static Discharge      Conj/Air       52%        2-5/arc   1%          2

Your spell library contained the following spells:

 Spells                   Type           Power      Damage    Failure   Level
 Airstrike                Air            13%        2d(2-18)  6%          4

Inventory:

Hand Weapons
 h - a +0 hand axe
 p - a +0 flail
 x - a +0 halberd (weapon)
Missiles
 w - 4 curare-tipped darts {=f}
Armour
 a - a +0 robe (worn)
 n - a +2 hat (worn)
Jewellery
 z - a ring of wizardry (right hand)
Wands
 t - a wand of digging (5)
 v - a wand of charming (8)
Scrolls
 c - 4 scrolls of teleportation {unknown}
 d - 2 scrolls of fog {unknown}
 e - a scroll of enchant weapon {unknown}
 f - a scroll of poison {unknown}
 k - 2 scrolls of amnesia {unknown}
 l - 2 scrolls of enchant armour {unknown}
 o - 2 scrolls of immolation {unknown}
 q - 3 scrolls of identify {unknown}
 y - a scroll of magic mapping {unknown}
Potions
 b - a potion of magic
 g - a potion of flight {unknown}
 i - a potion of degeneration {unknown}
 j - 2 potions of ambrosia {unknown}
 m - 2 potions of haste {unknown}
 r - a potion of invisibility {unknown}
 s - a potion of curing {unknown}
 u - a potion of attraction {unknown}

Dungeon Overview and Level Annotations

Branches:
Dungeon (4/15)
 Temple: D:4-7

..............▒..▒
...............▒.▒▒
.................▒▒
▒▒...............▒▒
................▒▒
................▒
....†....g..g..▒▒
...........▒g)▒
▒.......▒▒p▒▒
▒▒......▒▒▒▒
▒▒▒.....▒ ▒▒...▒▒
▒▒...▒▒ ▒....▒
▒▒▒.▒▒ ▒.▒ ▒▒▒


You could see a gnoll bouda and a gnoll.


Message History

The gnoll is almost dead.
The zap hits the gnoll bouda.
The gnoll bouda is heavily wounded.
The gnoll closely misses you.
The zap misses the gnoll.
The gnoll hits you but does no damage.
You hit the gnoll bouda but do no damage.
The gnoll bouda is heavily wounded.
The gnoll bouda misses you.
The gnoll hits you from afar with a +0 spear.
You hit the gnoll bouda but do no damage.
The gnoll bouda is heavily wounded.
The gnoll hits you from afar with a +0 spear.
* * * LOW HITPOINT WARNING * * *
The gnoll bouda barely misses you.
The gnoll bouda hits you with a +0 whip.
* * * LOW HITPOINT WARNING * * *
The gnoll hits you from afar with a +0 spear.
* * * LOW HITPOINT WARNING * * *
You hit the gnoll bouda.
The gnoll bouda is severely wounded.
The gnoll closely misses you. The gnoll bouda misses you.
You barely miss the gnoll bouda.
The gnoll bouda is severely wounded.
The gnoll is no longer moving quickly.
The gnoll hits you from afar with a +0 spear.
* * * LOW HITPOINT WARNING * * *
The gnoll bouda hits you with a +0 whip!
You die...

Action                     |  1- 3 |  4- 6 || total
---------------------------+-------+-------++-------
  Melee: Hand axe          |     5 |       ||     5
         Flail             |     1 |       ||     1
         Halberd           |       |     4 ||     4
   Cast: Shock             |   116 |   101 ||   217
         Static Discharge  |       |     1 ||     1
 Armour: Robe              |     4 |     5 ||     9
  Dodge: Dodged            |    13 |    36 ||    49

Levels and vault maps discovered:
D:1:      amcnicky_arrival_feature_with_door, layout_rooms, st_stairs_1
D:2:      layout_rooms, basic_altar, hellmonk_ecumenical_altar_inner_sanctum
D:3:      layout_basic, overflow_temple_1_default
D:4:      layout_cave_pools, uniq_blork_the_orc

Notes
Turn   | Place    | Note
-------+----------+-------------------------------------------
     0 | D:1      | sanka the Demigod Air Elementalist began the quest for the
                  | Orb.
     0 | D:1      | Reached XP level 1. HP: 14/14 MP: 5/5
    17 | D:1      | Reached skill level 1 in Conjurations
   135 | D:1      | Reached skill level 2 in Spellcasting
   286 | D:1      | Reached XP level 2. HP: 20/20 MP: 1/7
   346 | D:1      | Learned a level 2 spell: Static Discharge
   424 | D:1      | Reached skill level 2 in Conjurations
   942 | D:1      | Reached XP level 3. HP: 26/26 MP: 5/8
  1390 | D:2      | Reached skill level 3 in Air Magic
  1795 | D:3      | Reached skill level 3 in Conjurations
  2090 | D:3      | Reached XP level 4. HP: 26/33 MP: 4/9
  2929 | D:3      | Learned a level 3 spell: Swiftness
  3099 | D:4      | Noticed Blork the orc
  3184 | D:4      | Killed Blork the orc
  3185 | D:4      | Reached XP level 5. HP: 29/38 MP: 3/10
  3312 | D:4      | Reached skill level 4 in Conjurations
  3312 | D:4      | Reached skill level 4 in Air Magic
  3656 | D:4      | Reached XP level 6. HP: 45/45 MP: 2/11
  4005 | D:4      | Slain by a gnoll bouda

Vanquished Creatures
  A phantom (D:4)
  Blork the orc (D:4)
  A gnoll bouda (D:4)
  An orc priest (D:3)
  A hound (D:4)
  10 gnolls
  2 adders
  3 worms
  3 dart slugs (D:1)
  5 orcs
  7 endoplasms
  A giant cockroach (D:1)
  4 goblins
  6 hobgoblins
  2 quokkas (D:3)
  6 ball pythons
  9 bats
  4 frilled lizards (D:1)
  8 kobolds
  6 rats
81 creatures vanquished.
